 Dungeon Crawl Stone Soup version 0.21.1-1-g345015f (webtiles) character file.

166 prawnwizard the Insei (level 5, -7/34 HPs)
             Began as an Octopode Transmuter on July 22, 2018.
             Mangled by a gnoll
             ... wielding a +0 spear
              (11 damage)
             ... on level 3 of the Dungeon.
             The game lasted 00:03:13 (3360 turns).

prawnwizard the Insei (Octopode Transmuter)         Turns: 3360, Time: 00:03:14

Health: -7/34      AC:  1    Str:  9    XL:     5   Next: 47%
Magic:  8/9        EV: 14    Int: 15    God:
Gold:   77         SH:  0    Dex: 14    Spells: 3/9 levels left

rFire    . . .     SeeInvis .     - Unarmed
rCold    . . .     Gourm    .   (no shield)
rNeg     . . .     Faith    .   (helmet restricted)
rPois    .         Spirit   .   (no amulet)
rElec    .         Reflect  .   m - ring of wizardry
rCorr    .         Harm     .   l - ring of flight
MR       .....                  (no ring)
Stlth    ++........             (no ring)
HPRegen  0.11/turn              (no ring)
MPRegen  0.11/turn              (no ring)
                                (no ring)
                                (no ring)

@: lethally poisoned (-7 -> -14)
A: almost no armour, stealthy swim, amphibious, 8 rings, constrict 8, camouflage
1, gelatinous body 1
a: Evoke Flight


You were on level 3 of the Dungeon.
You were not hungry.

You visited 1 branch of the dungeon, and saw 3 of its levels.

You collected 77 gold pieces.

Inventory:

Missiles
 a - 26 arrows
Jewellery
 l - a ring of flight (right tentacle)
 m - a ring of wizardry (left tentacle)
Wands
 d - a wand of paralysis (12)
Scrolls
 e - 2 scrolls of remove curse {unknown}
 f - a scroll of identify {unknown}
 g - 2 scrolls of teleportation {unknown}
 i - a scroll of amnesia {unknown}
 k - a scroll of enchant weapon {unknown}
Potions
 h - a potion of curing {unknown}
Books
 b - a book of Changes

   Spells                             Type                      Level
   a - Beastly Appendage              Transmutation                1
   b - Sticks to Snakes               Transmutation                2
   c - Spider Form                    Transmutation/Poison         3
   d - Ice Form                       Ice/Transmutation            4
   e - Blade Hands                    Transmutation                5
Comestibles
 c - 6 rations


   Skills:
 + Level 2.2 Fighting
 + Level 2.7 Dodging
 * Level 4.2 Unarmed Combat
 + Level 2.8 Spellcasting
 + Level 2.7 Transmutations


You had 3 spell levels left.
You knew the following spells:

 Your Spells              Type           Power        Failure   Level  Hunger
a - Beastly Appendage     Tmut           ##....       2%          1    #......
b - Sticks to Snakes      Tmut           ##......     4%          2    ##.....
c - Spider Form           Tmut/Pois      #.........   14%         3    ###....


Dungeon Overview and Level Annotations

Branches:
Dungeon (3/15)

Altars:
Dithmenos
Kikubaaqudgha


Innate Abilities, Weirdness & Mutations

You cannot wear most types of armour.
You are very stealthy in the water. (Stealth+)
You are amphibious.
You can wear up to eight rings at the same time.
You can use your tentacles to constrict eight enemies at once.
Your skin changes colour to match your surroundings (Stealth+).
Your rubbery body absorbs attacks. (AC +1, EV +1)


Message History

You feel sick. The gnoll hits you. The gnoll completely misses you.
You are too injured to fight recklessly!
You are too injured to fight recklessly!
You are too injured to fight recklessly!
You tentacle-slap the gnoll. Your grab misses the gnoll.
The gnoll is heavily wounded.
You feel sick. The gnoll hits you!
* * * LOW HITPOINT WARNING * * *
The gnoll barely misses you.
You tentacle-slap the gnoll. You grab the gnoll.
The gnoll is heavily wounded.
You constrict the gnoll.
* * * LOW HITPOINT WARNING * * *
You feel sick. The gnoll hits you.
* * * LOW HITPOINT WARNING * * *
The gnoll closely misses you.
You tentacle-slap the gnoll.
You kill the gnoll!
The gnoll hits you from afar with a spear!
You die...

. ... ################.....
#............@)g...<.
#.##############..... #.#
#......# ... #.# #......# # #.#
#......# ################# #.#
#......# #................
####.###......###>...............
#...).........#........##########
#.##.###.######........# #..


You could see a gnoll.

Vanquished Creatures
  3 gnolls (D:3)
  6 adders
  5 worms
  2 dart slugs (D:3)
  2 leopard geckos (D:1)
  An orc (D:3)
  A ball python (D:3)
  6 bats
  A giant cockroach (D:2)
  3 goblins
  7 hobgoblins
  5 jackals
  3 frilled lizards
  12 kobolds
  9 rats
66 creatures vanquished.

Vanquished Creatures (others)
  A human (D:2)
1 creature vanquished.

Grand Total: 67 creatures vanquished

Notes
Turn   | Place    | Note
-------+----------+-------------------------------------------
     0 | D:1      | prawnwizard the Octopode Transmuter began the quest for the Orb.
     0 | D:1      | Reached XP level 1. HP: 13/13 MP: 3/3
   286 | D:1      | Reached XP level 2. HP: 18/18 MP: 5/5
   523 | D:1      | Reached XP level 3. HP: 23/23 MP: 6/6
   759 | D:2      | Found an ancient bone altar of Kikubaaqudgha.
   759 | D:2      | Noticed a human
   764 | D:2      | Killed a human
  1236 | D:2      | Learned a level 2 spell: Sticks to Snakes
  1240 | D:2      | Learned a level 3 spell: Spider Form
  1253 | D:2      | Reached XP level 4. HP: 15/28 MP: 7/7
  1779 | D:2      | Found an ancient bone altar of Kikubaaqudgha.
  2382 | D:3      | Reached skill level 4 in Unarmed Combat
  2544 | D:3      | Reached XP level 5. HP: 19/34 MP: 8/8
  3020 | D:3      | Found a shadowy altar of Dithmenos.
  3360 | D:3      | Mangled by a gnoll

Skill      XL: |  1  2  3  4 |
---------------+-------------+-----
Unarmed Combat | 4 |  4.2
Fighting       | 2 |  2.2
Dodging        | |  2.7
Spellcasting   | |  2.8
Transmutations | |  2.7

Action                   |  1- 3 |  4- 6 || total
-------------------------+-------+-------++-------
Melee: Unarmed           |    76 |    86 ||   162
       Constrict         |    17 |    17 ||    34
       Tentacles         |     7 |     7 ||    14
       Punch             |     1 |     1 ||     2
 Cast: Spider Form       |       |     1 ||     1
 Stab: Sleeping          |     7 |     6 ||    13
  Eat: Chunk             |     1 |     7 ||     8
Armor: Skin              |    14 |     7 ||    21
Dodge: Dodged            |    51 |    53 ||   104
